 Dungeon Sprint DCSS version 0.30-a0-1116-gebefce21f7 (webtiles) character file.

Game seed: 7620150641786339609

1489 fozzywoppz the Fighter (level 8, -1/85 HPs)
             Began as a Grey Draconian Monk on Apr 21, 2023.
             Was a Believer of Jiyva.
             Slain by a catoblepas (6 damage)
             ... while petrified by a catoblepas
             ... in the Dungeon (Sprint IX: "|||||||||||||||||||||||||||||").
             The game lasted 00:03:07 (308 turns).

fozzywoppz the Fighter (Grey Draconian Monk)         Turns: 308, Time: 00:03:08

Health: -1/85      AC: 12    Str: 13    XL:     8   Next: 51%
Magic:  8/8        EV:  2    Int: 14    God:    Jiyva [**....]
Gold:   0          SH:  0    Dex: 19    Spells: 7/7 levels left

rFire   . . .      SeeInvis .      - Unarmed
rCold   . . .      Faith    .    b - orb {light}
rNeg    + + +      Spirit   .    (body armour unavailable)
rPois   ∞          Reflect  .    (helmet restricted)
rElec   .          Rampage  .    l - +0 cloak
rCorr   +          NoTele   +    (no gloves)
Will    .....                    (no boots)
Stlth   +                        (no amulet)
HPRegen 1.30/turn                m - +3 ring of dexterity
MPRegen 0.41/turn                n - +3 ring of intelligence

@: petrified, glowing
A: AC +11, amphibious, unfitting armour, cold-blooded
a: Renounce Religion


You were in the Dungeon.
You worshipped Jiyva.
Jiyva was pleased with you.
You visited 1 branch

Inventory:

Armour
 b - an orb of light (worn)
 l - a +0 cloak (worn)
Jewellery
 m - a +3 ring of dexterity (left hand)
 n - a +3 ring of intelligence (right hand)
Wands
 k - a wand of quicksilver (3)
Scrolls
 h - 2 scrolls of blinking
 j - 2 scrolls of amnesia
Potions
 a - a potion of ambrosia
 c - 5 potions of curing
 d - 2 potions of heal wounds
 f - 4 potions of magic
 g - a potion of berserk rage
 i - a potion of invisibility


   Skills:
 + Level 12.5 Fighting
 + Level 10.6 Dodging
 + Level 11.5 Unarmed Combat


You had 7 spell levels left.
You didn't know any spells.
Your spell library was empty.

Dungeon Overview and Level Annotations

Branches:
Dungeon (1/1)

Altars:
Cheibriados
Dithmenos
Elyvilon
Fedhas
Gozag
Hepliaklqana
Kikubaaqudgha
Makhleb
Nemelex Xobeh
Okawaru
Qazlal
Ru
Sif Muna
Trog
Uskayaw
Vehumet
Wu Jian
Xom
Yredelemnul
Zin
The Shining One
Jiyva
Lugonu


Innate Abilities, Weirdness & Mutations

Your dull iron-grey scales are very hard. (AC +11)
You are amphibious.
You cannot fit into any form of body armour.
You are cold-blooded and may be slowed by cold attacks.


Message History

You hit the catoblepas.
You tail-slap the catoblepas, but do no damage.
The catoblepas is severely wounded.
You are engulfed in calcifying dust.
The catoblepas gores you!!
* * * LOW HITPOINT WARNING * * *
You feel much better.
You are engulfed in calcifying dust.
You are slowing down.
The catoblepas gores you.
The boulder beetle stops rolling and uncurls.
The catoblepas gores you!!
You punch the catoblepas!
The catoblepas is severely wounded.
The boulder beetle curls into a ball and begins rolling!
The catoblepas gores you. The catoblepas gores you!
You have turned to stone.
You feel yourself speed up. The catoblepas gores you.
* * * LOW HITPOINT WARNING * * *
The boulder beetle stops rolling and uncurls.
The catoblepas breathes a plume of calcifying dust at you.
The blast of calcifying dust hits you.
* * * LOW HITPOINT WARNING * * *
The boulder beetle curls into a ball and begins rolling!
The boulder beetle leaps!
You are engulfed in calcifying dust.
The catoblepas gores you!
* * * LOW HITPOINT WARNING * * *
You are engulfed in calcifying dust.
The catoblepas breathes a plume of calcifying dust at you.
The blast of calcifying dust hits you!
* * * LOW HITPOINT WARNING * * *
You are engulfed in calcifying dust.
The boulder beetle stops rolling and uncurls.
The boulder beetle curls into a ball and begins rolling!
The catoblepas gores you!!
* * * LOW HITPOINT WARNING * * *
You are engulfed in calcifying dust.
The boulder beetle leaps!
The catoblepas breathes a plume of calcifying dust at you.
The blast of calcifying dust hits you!
* * * LOW HITPOINT WARNING * * *
You are engulfed in calcifying dust.
The catoblepas gores you!
You die...

▓.▓
▓B▓
▓○▓
▓B▓
▓.▓
▓○▓
▓B▓
▓Y▓
▓@▓
▓§▓
▓§▓
▓§▓
▓.▓
▓[▓
▓.▓
▓)▓
▓.▓


You could see a catoblepas and 3 boulder beetles.

Vanquished Creatures
  A cyclops (D)
  An ugly thing (D)
  2 wraiths (D)
  A yak (D)
  An orc warrior (D)
  An ogre (D)
  A killer bee (D)
  A howler monkey (D)
  An orc wizard (D)
  2 adders (D)
  A white imp (D)
  An endoplasm (D)
  A giant cockroach (D)
  A goblin (D)
  A bat (D)
  A kobold (D)
18 creatures vanquished.

Vanquished Creatures (others)
  A slime creature (D)
1 creature vanquished.

Grand Total: 19 creatures vanquished

Notes
Turn   | Place    | Note
-------+----------+-------------------------------------------
     0 | D        | fozzywoppz the Draconian Monk began the quest for the Orb.
     0 | D        | Reached XP level 1. HP: 19/19 MP: 1/1
    42 | D        | Noticed an ogre
    42 | D        | Noticed a howler monkey
    57 | D        | Reached skill level 4 in Fighting
    57 | D        | Reached XP level 2. HP: 25/28 MP: 2/2
    66 | D        | Reached skill level 5 in Fighting
    66 | D        | Reached XP level 3. HP: 30/36 MP: 3/3
    72 | D        | Reached skill level 5 in Unarmed Combat
    76 | D        | Killed an ogre
    77 | D        | Reached skill level 7 in Fighting
    77 | D        | Reached XP level 4. HP: 40/47 MP: 4/4
    77 | D        | Reached XP level 5. HP: 45/52 MP: 5/5
    83 | D        | Found a snail-covered altar of Cheibriados.
    83 | D        | Found a shadowy altar of Dithmenos.
    83 | D        | Found a white marble altar of Elyvilon.
    83 | D        | Found a blossoming altar of Fedhas.
    83 | D        | Found an opulent altar of Gozag.
    84 | D        | Found a hazy altar of Hepliaklqana.
    85 | D        | Found a viscous altar of Jiyva.
    86 | D        | Found an ancient bone altar of Kikubaaqudgha.
    87 | D        | Found a corrupted altar of Lugonu.
    88 | D        | Found a burning altar of Makhleb.
    89 | D        | Found a sparkling altar of Nemelex Xobeh.
    90 | D        | Found an iron altar of Okawaru.
    91 | D        | Found a stormy altar of Qazlal.
    92 | D        | Found a sacrificial altar of Ru.
    93 | D        | Found a shimmering blue altar of Sif Muna.
    94 | D        | Found a bloodstained altar of Trog.
    95 | D        | Found a hide-covered altar of Uskayaw.
    96 | D        | Found a radiant altar of Vehumet.
    97 | D        | Found an ornate altar of the Wu Jian Council.
    98 | D        | Found a shimmering altar of Xom.
   117 | D        | Became a worshipper of Jiyva Jobed the Shapeless
   117 | D        | Reached * piety under Jiyva
   117 | D        | Reached ** piety under Jiyva
   118 | D        | Killed a slime creature
   124 | D        | Found a basalt altar of Yredelemnul.
   125 | D        | Found a glowing silver altar of Zin.
   126 | D        | Found a glowing golden altar of the Shining One.
   180 | D        | Noticed an orc warrior
   180 | D        | Noticed a wraith
   180 | D        | Noticed a wraith
   180 | D        | Noticed a yak
   202 | D        | Killed a yak
   203 | D        | Reached skill level 9 in Fighting
   203 | D        | Reached XP level 6. HP: 54/63 MP: 6/6
   230 | D        | Killed a wraith
   231 | D        | Reached skill level 10 in Fighting
   247 | D        | Killed a wraith
   248 | D        | Your scales start taking on a dull iron-grey colour.
   248 | D        | Reached XP level 7. HP: 55/73 MP: 7/7
   255 | D        | Reached skill level 10 in Unarmed Combat
   270 | D        | Noticed a boulder beetle
   270 | D        | Noticed a boulder beetle
   270 | D        | Noticed a cyclops
   270 | D        | Noticed a catoblepas
   270 | D        | Noticed a boulder beetle
   270 | D        | Noticed a green ugly thing
   274 | D        | Killed a cyclops
   275 | D        | Reached skill level 11 in Fighting
   275 | D        | Reached skill level 10 in Dodging
   275 | D        | Reached XP level 8. HP: 72/83 MP: 8/8
   275 | D        | Killed a green ugly thing
   276 | D        | Reached skill level 12 in Fighting
   307 | D        | HP: 3/85 [catoblepas/blast of calcifying dust (5)]
   308 | D        | Slain by a catoblepas

Illustrated notes

Levels and vault maps discovered:
D:        linesprint [early_d, line_temple, items_1, d_10, items_2, lair_1,
          lair_end, items_3, orc_1, orc_end, items_4, d_15, swamp_1, shoals_1,
          snake_1, spider_1, d_20, vaults_1, items_5, swamp_end, shoals_end,
          snake_end, spider_end, vaults_end, d_27, items_6, zot_1, zot_end,
          crypt_end, forest_end, elf_end, slime_end, tomb_end, abyss_end,
          pan_hell_end]

Skill      XL: |  1  2  3  4  5  6  7  8 |
---------------+-------------------------+-----
Dodging        | 3 4 6 7 8 10 | 10.6
Fighting       | 4 5 7 9 10 11 12 | 12.5
Unarmed Combat | 4 6 8 9 10 11 | 11.5

Action                     |  1- 3 |  4- 6 |  7- 9 || total
---------------------------+-------+-------+-------++-------
  Melee: Unarmed           |    44 |    64 |    11 ||   119
         Tailslap          |     5 |    16 |     3 ||    24
  Evoke: Wand              |       |     1 |     6 ||     7
    Use: Potion            |       |     1 |     1 ||     2
   Stab: Petrifying        |       |       |     1 ||     1
         Petrified         |       |       |     1 ||     1
 Armour: Skin              |    10 |    13 |     9 ||    32
  Dodge: Dodged            |    19 |    28 |     8 ||    55

Table legend: (Time is in decaauts)
 A = Elapsed time spent in this place.
 B = Non-inter-level travel time spent in this place.
 C = Inter-level travel time spent in this place.
 D = Time resting spent in this place.
 E = Time spent auto-exploring this place.
 F = Levels seen in this place.
 G = Mean time per level.
                   A        B        C        D        E       F      G
               +--------+--------+--------+--------+--------+-----+--------+
         Total |    307 |    307 |      0 |     32 |      0 |   1 |  307.0 |
       Dungeon |    307 |    307 |      0 |     32 |      0 |   1 |  307.0 |
               +--------+--------+--------+--------+--------+-----+--------+

Top non-repeatable levels by time:
       D: 307 daAuts
